 Dungeon Crawl Stone Soup version 0.21-a0-450-gd87a9b2 (webtiles) character file.

372 Laiders the Spear-Bearer (level 6, -1/44 HPs)
             Began as a Merfolk Gladiator on Nov 19, 2017.
             Slain by an orc
             ... wielding a +0 hand axe
              (8 damage)
             ... on level 4 of the Dungeon.
             The game lasted 00:07:09 (2870 turns).

Laiders the Spear-Bearer (Merfolk Gladiator)        Turns: 2870, Time: 00:07:10

Health: -1/44      AC:  7    Str: 16    XL:     6   Next: 71%
Magic:  6/6        EV: 13    Int:  8    God:
Gold:   153        SH:  0    Dex: 15    Spells: 5/5 levels left

rFire    . . .     SeeInvis +   a - +0 trident
rCold    . . .     Gourm    .   (no shield)
rNeg     . . .     Faith    .   x - +0 ring mail
rPois    .         Spirit   .   c - +0 helmet
rElec    .         Reflect  .   (no cloak)
rCorr    .         Harm     .   y - +0 pair of gloves
MR       .....                  (no boots)
Stlth    +.........             (no amulet)
HPRegen  0.14/turn              g - ring of see invisible
MPRegen  0.10/turn              (no ring)

@: no status effects
A: change form in water, swift swim, stealthy swim
a: no special abilities


You were on level 4 of the Dungeon.
You were not hungry.

You visited 1 branch of the dungeon, and saw 4 of its levels.

You collected 153 gold pieces.

Inventory:

Hand Weapons
 a - a +0 trident (weapon)
Missiles
 d - 3 throwing nets (quivered)
 v - 3 silver tomahawks
Armour
 c - a +0 helmet (worn)
 x - a +0 ring mail (worn)
 y - a +0 pair of gloves (worn)
Jewellery
 g - a ring of see invisible (left hand)
Wands
 t - a wand of iceblast (4/15)
Scrolls
 i - 2 scrolls of amnesia
 j - 7 scrolls of identify
 l - a scroll of magic mapping
 n - a scroll of blinking {unknown}
 o - a scroll of remove curse {unknown}
 q - a scroll of enchant armour {unknown}
 r - a scroll of immolation {unknown}
 w - a scroll of random uselessness {unknown}
Potions
 k - a potion of curing {unknown}
 m - a potion of heal wounds {unknown}
 s - a potion of agility {unknown}
 u - a potion of magic {unknown}
Comestibles
 f - 2 bread rations
 h - a royal jelly
 p - a meat ration


   Skills:
 - Level 2.1 Fighting
 + Level 10.4 Polearms
 - Level 2.0 Throwing
 - Level 4.0 Dodging


You had 5 spell levels left.
You didn't know any spells.

Dungeon Overview and Level Annotations

Branches:
Dungeon (4/15)
 Temple: D:4-7

Altars:
Dithmenos
Sif Muna

Annotations:
D:4 Edmund


Message History

The orc closely misses you.
Things that are here:
a club; an orc corpse Your ring mail prevents you from hitting the orc.
The orc hits you with a hand axe.
You barely miss the orc. The orc hits you with a hand axe.
You closely miss the orc. The orc hits you with a hand axe. Edmund misses you.
You closely miss the orc. The orc hits you with a hand axe.
You puncture the orc!
The orc is almost dead.
The orc hits you with a hand axe.
* * * LOW HITPOINT WARNING * * *
Edmund grinds his teeth, and then sighs.
Edmund hits you with a flail of protection.
* * * LOW HITPOINT WARNING * * *
Okay, then.
The orc barely misses you.
The orc rages.
The orc hits you with a hand axe!
You die...

#.##.#§§§..§§§.#..
#.#..§.§....§....#
#.....§§..§.§....#
#..<..§§§§.§§§...
#....#§§§§§§§§§
#.#.###§§§§§§§#
#.#.# ##§§§..#
#.#.#####..)#####
#.##..@o.l....#
#.......@.....#
..###.#######..#
#. ..# # ... .#.
..


You could see Edmund, an orc (berserk) and a frilled lizard.

Vanquished Creatures
  An ogre (D:4)
  A howler monkey (D:4)
  A crimson imp (D:3)
  Jessica (D:2)
  11 adders
  An ooze (D:1)
  A dart slug (D:1)
  A leopard gecko (D:1)
  6 orcs
  7 bats
  4 giant cockroaches
  11 goblins
  9 hobgoblins
  4 jackals (D:1)
  14 kobolds
  2 quokkas
  A frilled lizard (D:4)
  5 rats
81 creatures vanquished.

Vanquished Creatures (others)
  A kobold (D:2)
  A ball python (D:2)
2 creatures vanquished.

Grand Total: 83 creatures vanquished

Notes
Turn   | Place    | Note
-------+----------+-------------------------------------------
     0 | D:1      | Laiders the Merfolk Gladiator began the quest for the Orb.
     0 | D:1      | Reached XP level 1. HP: 16/16 MP: 1/1
    36 | D:1      | Reached skill level 5 in Polearms
    45 | D:1      | Reached XP level 2. HP: 18/22 MP: 2/2
   589 | D:1      | Reached skill level 6 in Polearms
   589 | D:1      | Reached XP level 3. HP: 27/27 MP: 3/3
   890 | D:2      | Reached XP level 4. HP: 28/33 MP: 4/4
   906 | D:2      | Reached skill level 7 in Polearms
  1017 | D:2      | Noticed Jessica
  1031 | D:2      | Killed Jessica
  1039 | D:2      | Found a deep blue altar of Sif Muna.
  1216 | D:2      | Reached skill level 8 in Polearms
  1216 | D:2      | Reached XP level 5. HP: 38/38 MP: 5/5
  2323 | D:3      | Reached skill level 9 in Polearms
  2548 | D:3      | Reached XP level 6. HP: 42/44 MP: 6/6
  2809 | D:4      | Found a shadowy altar of Dithmenos.
  2837 | D:4      | Reached skill level 10 in Polearms
  2860 | D:4      | Noticed Edmund
  2870 | D:4      | Slain by an orc

Vault maps used:
D:1:      lemuel_arrival_cross
D:2:      kennysheep_six_static_rooms, lemuel_crystal_altar,
          lemuel_flame_loot_1, uniq_jessica
D:3:      minmay_checkerbox
D:4:      nicolae_qazlal_style_of_elements, nicolae_overflow_hidden_temple,
          nicolae_dithmenos_the_darkroom, first_bread, uniq_edmund

Skill      XL: |  1  2  3  4  5  6 |
---------------+-------------------+-----
Polearms       | 5 6 8 9 10 | 10.4
Fighting       | |  2.1
Throwing       | |  2.0
Dodging        | |  4.0

Action                   |  1- 3 |  4- 6 || total
-------------------------+-------+-------++-------
Melee: Trident           |   100 |   162 ||   262
  Use: Scroll            |       |     4 ||     4
 Stab: Distracted        |     1 |       ||     1
       Sleeping          |     1 |       ||     1
  Eat: Chunk             |       |     6 ||     6
Armor: Leather armour    |    27 |    23 ||    50
       Ring mail         |       |     5 ||     5
Dodge: Dodged            |    87 |   118 ||   205

Table legend:
 A = Spawn XP
 B = Non-spawn XP
 C = Spawn XP percentage of total XP
 D = Spawn monster count
 E = Non-spawn monster count
 F = Spawn count percentage of total count
 G = Total turns spent on level
                    A         B        C        D         E        F      G
               +---------+---------+-------+---------+---------+-------+---------
         Total |       0 |     532 |   0.0 |       0 |      81 |   0.0 |  2870
               +---------+---------+-------+---------+---------+-------+---------
           D:1 |       0 |      65 |   0.0 |       0 |      33 |   0.0 |   867
           D:2 |       0 |     122 |   0.0 |       0 |      17 |   0.0 |  1014
           D:3 |       0 |     153 |   0.0 |       0 |      25 |   0.0 |   928
           D:4 |       0 |     192 |   0.0 |       0 |       6 |   0.0 |    61
               +---------+---------+-------+---------+---------+-------+---------
